AoeStats
← LXXIII

Arabia

503510653Analyzed
2v2 RM · 7d ago on Sep 1, 2026· 65m 33s· 4 players
Game mode
Random Map
Map size
Medium (4 player)
Population
200
Speed
Normal
Resources
Standard
Victory
Conquest
Starting age
Dark Age
Ending age
Imperial Age
RankedLock teamsTeams togetherTeam positionsShared explorationLock speedFull tech treeHidden civsTurbo modeCheats
Victory
Defeat
🇺🇸 Khmer · United States
729
+19
🇺🇸 Muisca · United States
700
+22
🇨🇷 Ethiopians · Costa Rica
766
-18
🇲🇽 Romans · Mexico
377
-4
LXXIII
12:12 Feudal Age
13:31 Wheelbarrow
13:24 Double-Bit Axe
13:23 Horse Collar
15:55 Scale Barding Armor
16:50 Bloodlines
17:53 Forging
22:06 Castle Age
21:22 Gold Mining
21:23 Stone Mining
26:55 Chain Barding Armor
27:29 Gold Shaft Mining
29:31 Bow Saw
30:00 Hand Cart
32:09 Chain Barding Armor
32:25 Iron Casting
31:41 Light Cavalry
36:01 Ballistics
36:34 Stone Shaft Mining
36:10 Husbandry
38:08 Murder Holes
44:04 Imperial Age
44:51 Double Crossbow
45:12 Conscription
46:21 Chemistry
45:12 Hussar
46:17 Heavy Scorpion
49:42 Plate Barding Armor
50:08 Blast Furnace
65:45 Town Watch
Gen
12:22 Feudal Age
12:30 Champi Runner
15:20 Double-Bit Axe
26:18 Castle Age
29:00 Bow Saw
28:32 Horse Collar
29:32 Forging
29:32 Heavy Plow
37:33 Imperial Age
39:36 Wheelbarrow
38:49 Town Watch
39:26 Elite Temple Guard
49:27 Town Patrol
GutsyCosine1395
6:46 Loom
10:01 Feudal Age
10:31 Horse Collar
10:58 Double-Bit Axe
15:56 Stone Mining
15:58 Gold Mining
16:07 Gold Mining
19:52 Man-at-Arms
24:36 Wheelbarrow
24:31 Scale Mail Armor
24:42 Forging
24:23 Fletching
30:11 Castle Age
31:44 Chain Mail Armor
32:05 Iron Casting
31:26 Bodkin Arrow
34:58 Hand Cart
35:18 Long Swordsman
35:19 Pikeman
37:51 Scale Barding Armor
38:50 Caravan
39:21 Coinage
40:53 Chain Barding Armor
41:44 Gold Shaft Mining
41:59 Bow Saw
42:10 Squires
51:25 Imperial Age
53:20 Blast Furnace
vctortierrez.94
0:39 Loom
16:00 Feudal Age
22:37 Castle Age
27:36 Gold Mining
29:42 Padded Archer Armor
36:29 Double-Bit Axe
37:04 Husbandry
39:26 Leather Archer Armor
42:39 Thumb Ring
43:20 Elite Skirmisher
Connection lost

Rejoining the realm…

Still unreachable

The connection could not be restored.

Session expired

The server has moved on; the page needs a fresh start.